 Dungeon Crawl Stone Soup version 0.29-a0-334-gb41bcbb86e (webtiles) character file.

Game seed: 10923195540752501111

20 avis the Insei (level 2, 0/24 HPs)
             Began as a Hill Orc Monk on Apr 15, 2022.
             Slain by a kobold
             ... wielding a +1 dagger of venom
              (3 damage)
             ... on level 1 of the Dungeon.
             The game lasted 00:02:14 (580 turns).

avis the Insei (Hill Orc Monk)                       Turns: 580, Time: 00:02:15

Health: 0/24       AC:  2    Str: 13    XL:     2   Next: 79%
Magic:  1/1        EV: 12    Int: 10    God:
Gold:   36         SH:  0    Dex: 13    Spells: 1/1 levels left

rFire   . . .      SeeInvis .     - Unarmed
rCold   . . .      Faith    .   (no shield)
rNeg    . . .      Spirit   .   a - +0 robe
rPois   .          Reflect  .   (no helmet)
rElec   .          Harm     .   (no cloak)
rCorr   .          Rampage  .   (no gloves)
Will    .....                   (no boots)
Stlth   ++........              (no amulet)
HPRegen 0.88/turn               (no ring)
MPRegen 0.07/turn               (no ring)

@: lethally poisoned (0 -> -5)
A: frail 1, low MP 1, regeneration 1
a: no special abilities


You were on level 1 of the Dungeon.
You visited 1 branch of the dungeon, and saw 1 of its levels.

You collected 36 gold pieces.

Inventory:

Armour
 a - a +0 robe (worn)


   Skills:
 + Level 4.0 Fighting
 - Level 2.4 Dodging
 - Level 1.5 Stealth
 * Level 4.1 Unarmed Combat


You had one spell level left.
You didn't know any spells.
Your spell library was empty.

Dungeon Overview and Level Annotations

Branches:
Dungeon (1/15)

Altars:


Innate Abilities, Weirdness & Mutations

You are frail. (-10% HP)
Your magical capacity is low. (-10% MP)
Your natural rate of healing is unusually fast.


Message History

You feel very sick. The kobold barely misses you.
You barely miss the kobold.
You feel very sick.
You closely miss the kobold.
You feel sick.
The kobold hits you with a +1 dagger of venom.
* * * LOW HITPOINT WARNING * * *
You are more poisoned.
You are confused.
You feel invigorated.
* * * LOW HITPOINT WARNING * * *
You feel very sick. The kobold hits you but does no damage.
You are more poisoned.
You barely miss the kobold.
* * * LOW HITPOINT WARNING * * *
You feel very sick. The kobold hits you but does no damage.
You are more poisoned.
It was a potion of mutation.
You feel extremely strange.
You feel frail.
You begin to heal more quickly.
You feel less energetic.
* * * LOW HITPOINT WARNING * * *
You feel very sick. The kobold closely misses you.
You hit the kobold but do no damage.
* * * LOW HITPOINT WARNING * * *
You feel very sick.
The kobold hits you with a +1 dagger of venom.
* * * LOW HITPOINT WARNING * * *
You closely miss the kobold.
You feel less invigorated.
You feel less confused.
* * * LOW HITPOINT WARNING * * *
You feel very sick. The kobold closely misses you.
You hit the kobold.
The kobold is severely wounded.
* * * LOW HITPOINT WARNING * * *
You feel very sick.
The kobold hits you with a +1 dagger of venom.
You die...

#.......###########.#
#.###...##### .#
####.###.......#### .#
#......#.##.....^.# .#
#.##.#.#.##.##.##.#### ##### ##
#.##.#.#.##........... #...###>
#.##........##.##.#######.......
#.####.#.##.##.##.# #......##.
#.####.#.......@K.# #.##.#.##.
#......############ #.##.#..#.
######## #.##...... #.####..#.
#.......#. #.......#. #.#####.#.
#.##....## #.##.##.##


You could see a kobold.

Vanquished Creatures
  2 dart slugs (D:1)
  3 ball pythons (D:1)
  2 endoplasms (D:1)
  A giant cockroach (D:1)
  A goblin (D:1)
  2 jackals (D:1)
  A bat (D:1)
  A kobold (D:1)
  2 rats (D:1)
15 creatures vanquished.

Notes
Turn   | Place    | Note
-------+----------+-------------------------------------------
     0 | D:1      | avis the Hill Orc Monk began the quest for the Orb.
     0 | D:1      | Reached XP level 1. HP: 19/19 MP: 1/1
   189 | D:1      | Reached XP level 2. HP: 23/27 MP: 2/2
   577 | D:1      | Gained mutation: You are frail. (-10% HP) [potion of
                  | mutation]
   577 | D:1      | Gained mutation: Your natural rate of healing is unusually
                  | fast. [potion of mutation]
   577 | D:1      | Gained mutation: Your magical capacity is low. (-10% MP)
                  | [potion of mutation]
   580 | D:1      | Slain by a kobold

Illustrated notes

Levels and vault maps discovered:
D:1:      amcnicky_arrival_underground_garden, layout_loops_cross

Skill      XL: |  1  2 |
---------------+-------+-----
Fighting       | 4 |  4.0
Unarmed Combat | 4 |  4.1
Dodging        | |  2.4
Stealth        | |  1.5

Action                   || total
-------------------------++-------
Melee: Unarmed           ||    59
  Use: Potion            ||     2
Armor: Robe              ||     6
Dodge: Dodged            ||    39

Table legend: (Time is in decaauts)
 A = Elapsed time spent in this place.
 B = Non-inter-level travel time spent in this place.
 C = Inter-level travel time spent in this place.
 D = Time resting spent in this place.
 E = Time spent auto-exploring this place.
 F = Levels seen in this place.
 G = Mean time per level.
                   A        B        C        D        E       F      G
               +--------+--------+--------+--------+--------+-----+--------+
         Total |    575 |    575 |      0 |    191 |    264 |   1 |  575.0 |
       Dungeon |    575 |    575 |      0 |    191 |    264 |   1 |  575.0 |
               +--------+--------+--------+--------+--------+-----+--------+

Top non-repeatable levels by time:
     D:1: 575 daAuts
